 Dungeon Crawl Stone Soup version 0.17-a0-1575-g9a29ec8 (webtiles) character file.

114 KarlFookinTanner the Chopper (level 4, -8/34 HPs)
             Began as a Demonspawn Gladiator on July 26, 2015.
             Was an Initiate of Makhleb.
             Mangled by a gnoll
             ... wielding a +0 halberd
              (11 damage)
             ... on level 2 of the Dungeon.
             The game lasted 00:22:04 (1936 turns).

KarlFookinTanner the Chopper (Demonspawn Gladiator) Turns: 1936, Time: 00:22:04

Health: -8/34      AC: 10    Str: 17    XL:     4   Next: 66%
Magic:  4/4        EV: 16    Int:  9    God:    Makhleb [......]
Gold:   64         SH:  0    Dex: 18    Spells: 0 memorised, 3 levels left

rFire  + . .     SeeInvis .     a - +0 war axe
rCold  . . .     Clarity  .     j - +0 scale mail
rNeg   . . .     SustAt   .     (no shield)
rPois  .         Gourm    .     c - +0 helmet
rElec  .         Spirit   .     (no cloak)
rCorr  .         Warding  .     (no gloves)
rMut   .         Stasis   .     (no boots)
MR     .....                    (no amulet)
Stlth  +++.......               (no ring)
                                (no ring)

@: agile, not resistant to hostile enchantments, fairly stealthy
A: thin metallic scales 2, fire resistance 1, nightstalker 1
a: Renounce Religion


You were on level 2 of the Dungeon.
You worshipped Makhleb.
Makhleb was noncommittal.
You were not hungry.

You visited 1 branch of the dungeon, and saw 2 of its levels.

You collected 64 gold pieces.

Inventory:

Hand weapons
 a - a +0 war axe (weapon)
 g - a +0 spear
 h - a +2 spear of piercing
 i - a +0 club
 p - a +0 mace
Armour
 b - a +0 leather armour
 c - a +0 helmet (worn)
 j - a +0 scale mail (worn)
Scrolls
 l - 3 scrolls of remove curse
Comestibles
 e - 2 bread rations


   Skills:
 + Level 2.4 Fighting
 + Level 3.3 Axes
 + Level 2.5 Throwing
 * Level 1.5 Armour
 - Level 2.8 Dodging
 * Level 1.9 Stealth


You had 3 spell levels left.
You didn't know any spells.

Dungeon Overview and Level Annotations

Branches:
Dungeon (2/15)

Altars:
Makhleb


Innate Abilities, Weirdness & Mutations

You are mostly covered in thin metallic scales (AC +3).
Your flesh is heat resistant.
You are slightly more attuned to the shadows.


Message History

The bat closely misses you.
You miss the bat. The bat barely misses you. The bat closely misses you.
The gnoll barely misses you.
You closely miss the bat. The bat barely misses you.
The gnoll barely misses you.
You hit the bat.
You kill the bat!
Makhleb accepts your kill. The gnoll barely misses you.
The gnoll hits you from afar with a halberd.
* * * LOW HITPOINT WARNING * * *
(Key replay ran out of keys)
The gnoll closely misses you.
Your scale mail prevents you from hitting the gnoll.
The gnoll is severely wounded.
The gnoll closely misses you. The gnoll barely misses you.
You hit the gnoll but do no damage.
The gnoll is severely wounded.
The gnoll barely misses you. The gnoll hits you with a halberd!
You die...

#+ #......# #.....#
#.###### ####.##
#.#### #.### #.##.##
#.##.
##.#...#########.#..
+...................
##.#....########.#..
#....#.# #.##.
#.@g...# #.###
####g### #.##. #.#
##.##. #g# #...#.
###.#########.#
#.....
..([.g)...g.).#
#...#.
##..!.#########
###... #..... #.##
##?... #.


You could see 2 gnolls.

Vanquished Creatures
  6 gnolls (D:2)
  An adder (D:2)
  An ooze (D:2)
  3 giant geckos
  2 ball pythons
  3 giant cockroaches (D:1)
  2 hobgoblins
  A quokka (D:2)
  5 bats
  2 giant newts (D:2)
  8 goblins
  8 kobolds
  2 rats
44 creatures vanquished.

Notes
Turn   | Place    | Note
--------------------------------------------------------------
     0 | D:1      | KarlFookinTanner the Demonspawn Gladiator began the quest for the Orb.
     0 | D:1      | Reached XP level 1. HP: 16/16 MP: 1/1
   231 | D:1      | Gained mutation: Your flesh is heat resistant. [demonic ancestry]
   231 | D:1      | Reached XP level 2. HP: 22/22 MP: 2/2
  1137 | D:2      | Reached skill level 3 in Axes
  1137 | D:2      | Reached skill level 1 in Armour
  1137 | D:2      | Reached skill level 1 in Stealth
  1137 | D:2      | Gained mutation: You are partially covered in thin metallic scales (AC +2). [demonic ancestry]
  1137 | D:2      | Reached XP level 3. HP: 27/27 MP: 3/3
  1382 | D:2      | Gained mutation: You are slightly more attuned to the shadows. [demonic ancestry]
  1382 | D:2      | Reached XP level 4. HP: 31/34 MP: 4/4
  1795 | D:2      | Found a burning altar of Makhleb.
  1809 | D:2      | Became a worshipper of Makhleb the Destroyer
  1913 | D:2      | Gained mutation: You are mostly covered in thin metallic scales (AC +3). [potion of mutation]
  1913 | D:2      | Gained mutation: Your spells are a little harder to cast, but a little more powerful. [potion of mutation]
  1913 | D:2      | Lost mutation: Your spells are a little harder to cast, but a little more powerful. [potion of mutation]
  1936 | D:2      | Mangled by a gnoll

Vault maps used:
D:1:      dpeg_arrival_rhombus
D:2:      lemuel_round_altar

Action                   |  1- 3 |  4- 6 || total
-------------------------+-------+-------++-------
Melee: War axe           |    53 |    56 ||   109
Throw: Throwing net      |    19 |     7 ||    26
  Use: Potion            |       |     3 ||     3
       Scroll            |       |     2 ||     2
 Stab: Held in net/web   |     3 |       ||     3
       Sleeping          |       |     1 ||     1
  Eat: Pizza             |     1 |       ||     1
       Beef jerky        |       |     1 ||     1
       Chunk             |       |     1 ||     1
